[Event "Titled Tuesday Blitz January 17 Early 2023"]
[White "Kalajzic, Ivan"]
[Black "Mohammadian, Mohammad"]
[WhiteFideId "14506378"]
[BlackFideId "12566055"]
[WhiteElo "2062"]
[BlackElo "1398"]
[Result "1-0"]
[Round "09"]
[TimeControl "180+2"]
[Date "2023.01.17"]
[WhiteClock "0:02:04"]
[BlackClock "0:01:07"]

1. e4 e5 2. Nc3 Nf6 3. Bc4 Bc5 4. d3 h6 5. Na4 Bb6 6. Nxb6 axb6 7. Be3 d6 8. a3 Be6 9. Bxe6 fxe6 10. Ne2 O-O 11. O-O Qe8 12. f4 exf4 13. Nxf4 e5 14. Nh3 Nc6 15. Qe2 Qg6 16. Rf3 Nd4 17. Bxd4 exd4 18. Raf1 Nd7 19. Nf4 Qh7 20. Nd5 Rxf3 21. Qxf3 c6 22. Ne7+ Kh8 23. Qf7 Qg6 24. Nxg6+ Kh7 25. Ne7 1-0


[Site "https://www.chess.com"]

[Event "Titled Tuesday Blitz January 17 Early 2023"]
[White "Wilson, Elvin"]
[Black "Cueto, Jonny"]
[WhiteFideId "2014874"]
[BlackFideId "3300145"]
[WhiteElo "2183"]
[BlackElo "2122"]
[Result "0-1"]
[Round "09"]
[TimeControl "180+2"]
[Date "2023.01.17"]
[WhiteClock "0:00:03"]
[BlackClock "0:00:06"]

1. c4 e6 2. g3 Nf6 3. Bg2 Be7 4. Nf3 O-O 5. O-O d5 6. b3 c6 7. Bb2 Nbd7 8. d3 b6 9. Nbd2 Bb7 10. Qc2 Rc8 11. e4 dxe4 12. dxe4 c5 13. e5 Ne8 14. Ne4 Qc7 15. Rad1 Nb8 16. Nd6 Nxd6 17. exd6 Bxd6 18. Rxd6 Bxf3 19. Qc3 f6 20. Rxe6 Bxg2 21. Kxg2 Nc6 22. Rfe1 Ne5 23. Qd2 Qb7+ 24. Kf1 Nf3 25. Qd5 Qxd5 26. cxd5 Nxe1 27. Kxe1 Rfe8 28. f4 Kf8 29. f5 Rxe6+ 30. dxe6 Ke7 31. Ke2 c4 32. bxc4 Rxc4 33. Kd2 Rc5 34. g4 Rc4 35. h3 Rf4 36. Ke2 h5 37. Bc1 Re4+ 38. Kf3 Ra4 39. g5 Rxa2 40. gxf6+ gxf6 41. Bf4 Ra3+ 42. Kg2 Ra4 43. Bh6 Rc4 44. Bd2 b5 45. Kf3 b4 46. Ke3 a5 47. Kd3 Rh4 48. Be3 Rxh3 49. Kc2 Rxe3 0-1


[Site "https://www.chess.com"]

[Event "Titled Tuesday Blitz January 17 Early 2023"]
[White "Martinez, Shawn"]
[Black "Ciuffoletti, Paolo"]
[WhiteFideId "2039770"]
[BlackFideId "807630"]
[WhiteElo "1881"]
[BlackElo "2106"]
[Result "1-0"]
[Round "09"]
[TimeControl "180+2"]
[Date "2023.01.17"]
[WhiteClock "0:00:26"]
[BlackClock "0:00:20"]

1. e4 c5 2. Nc3 Nc6 3. Bb5 Nd4 4. Bc4 e6 5. f4 a6 6. a4 Ne7 7. d3 g6 8. Nf3 Bg7 9. O-O Rb8 10. Kh1 d5 11. Ba2 b5 12. Nxd4 cxd4 13. Ne2 O-O 14. Ng3 f5 15. axb5 axb5 16. Bb3 Bb7 17. Qe2 Kh8 18. Bd2 Qb6 19. Bb4 Rfe8 20. Bxe7 Rxe7 21. exf5 gxf5 22. Nxf5 Rf7 23. Nxg7 Rxg7 24. Qe5 Rg8 25. f5 exf5 26. Rxf5 Qg6 27. g3 Bc8 28. Rf4 Bg4 29. Raf1 Re8 30. Rf8+ 1-0


[Site "https://www.chess.com"]

[Event "Titled Tuesday Blitz January 17 Early 2023"]
[White "MitzyCaballero"]
[Black "Garmash, Aliona"]
[BlackFideId "34127620"]
[WhiteElo "2235"]
[BlackElo "2039"]
[Result "1-0"]
[Round "09"]
[TimeControl "180+2"]
[Date "2023.01.17"]
[WhiteClock "0:00:17"]
[BlackClock "0:00:01"]

1. d4 d5 2. Nf3 Nf6 3. c4 c6 4. e3 Bf5 5. Nc3 e6 6. Qb3 Qc7 7. h3 h6 8. Bd2 Nbd7 9. Rc1 dxc4 10. Bxc4 Be7 11. O-O O-O 12. Rfe1 Ne4 13. Nxe4 Bxe4 14. Bb4 Bxb4 15. Qxb4 Bxf3 16. gxf3 e5 17. Be2 a5 18. Qc3 exd4 19. Qxd4 Rad8 20. Qh4 Nf6 21. f4 Qe7 22. Bf3 Qe6 23. Kh2 Kh8 24. b3 Rd2 25. Re2 Rfd8 26. Rce1 Rxe2 27. Rxe2 Rd1 28. Rc2 Re1 29. Bg2 Qd7 30. f5 Qxf5 31. Qc4 Ra1 32. Rd2 Qe5+ 33. Qf4 Qxf4+ 34. exf4 Kh7 35. a4 Rb1 36. Rd3 Rb2 37. Kg3 g6 38. Bf3 Kg7 39. h4 b5 40. Bxc6 bxa4 41. Bxa4 Nh5+ 42. Kf3 Kf6 43. Bd7 Ke7 44. Bc6 Nf6 45. Bb5 h5 46. Bc4 1-0


[Site "https://www.chess.com"]

[Event "Titled Tuesday Blitz January 17 Early 2023"]
[White "Manon-og, Ramon Jr."]
[Black "Thiel, Thomas"]
[WhiteFideId "5200776"]
[BlackFideId "4615964"]
[WhiteElo "1999"]
[BlackElo "2234"]
[Result "1/2-1/2"]
[Round "09"]
[TimeControl "180+2"]
[Date "2023.01.17"]
[WhiteClock "0:00:08"]
[BlackClock "0:00:18"]

1. e4 d5 2. exd5 Nf6 3. Nf3 Nxd5 4. d4 g6 5. c4 Nb6 6. c5 Nd5 7. Nc3 Bg7 8. Qb3 Nxc3 9. bxc3 O-O 10. Bc4 Nc6 11. Be2 e5 12. d5 Na5 13. Qb5 c6 14. dxc6 bxc6 15. Qb4 Be6 16. Bg5 f6 17. Be3 Rb8 18. Qa3 Qc7 19. O-O Bc4 20. Bxc4+ Nxc4 21. Qc1 Rfd8 22. Bh6 Bh8 23. Rd1 Qe7 24. Rb1 Qxc5 25. Rxd8+ Rxd8 26. Rb7 Nd6 27. Rc7 Nf5 28. g4 Qd6 29. Rxa7 e4 30. Nd4 Nxd4 31. cxd4 Qxd4 32. Qxc6 Qxa7 33. Qe6+ Qf7 34. Qxe4 Qxa2 35. Qe7 Ra8 36. Be3 Qf7 37. Qe4 Qd7 38. Qxa8+ Kg7 39. h3 h5 40. g5 fxg5 41. Bxg5 Kh7 42. h4 Qg4+ 43. Qg2 Qxg2+ 44. Kxg2 Kg7 45. Kf3 Kf7 46. Ke4 Ke6 47. f4 Bc3 48. Bd8 Bb4 49. Bg5 Bc3 50. Bd8 Bb4 51. Bg5 Bc3 1/2-1/2


[Site "https://www.chess.com"]

[Event "Titled Tuesday Blitz January 17 Early 2023"]
[White "Sovetbekova, Nurai"]
[Black "Clawitter, Craig"]
[WhiteFideId "13801910"]
[BlackFideId "2023105"]
[WhiteElo "1764"]
[BlackElo "2050"]
[Result "0-1"]
[Round "09"]
[TimeControl "180+2"]
[Date "2023.01.17"]
[WhiteClock "0:01:08"]
[BlackClock "0:00:28"]

1. d4 e6 2. c4 Nf6 3. g3 d5 4. Bg2 Be7 5. Nf3 O-O 6. O-O dxc4 7. Ne5 Nc6 8. Nxc6 bxc6 9. Na3 Bxa3 10. bxa3 Rb8 11. Qa4 Qxd4 12. Be3 Qe5 13. Qxc4 Qa5 14. Bc5 Ba6 15. Qc2 Rfd8 16. Be7 Rd2 17. Qxc6 Bb7 18. Qc4 Bxg2 19. Kxg2 Qd5+ 20. Qxd5 Nxd5 21. Bc5 Rxe2 22. Kf3 Rbb2 23. Bxa7 Rxa2 24. Rxa2 Rxa2 25. Rb1 Rxa3+ 26. Kg2 h5 27. Rb8+ Kh7 28. Rc8 Rxa7 0-1


[Site "https://www.chess.com"]

[Event "Titled Tuesday Blitz January 17 Early 2023"]
[White "Kuchava, Ana"]
[Black "Zampronha, Wladimir Camilo"]
[WhiteFideId "13605348"]
[BlackFideId "2103087"]
[WhiteElo "2101"]
[BlackElo "2176"]
[Result "0-1"]
[Round "09"]
[TimeControl "180+2"]
[Date "2023.01.17"]
[WhiteClock "0:00:13"]
[BlackClock "0:01:53"]

1. d4 Nf6 2. Nf3 e6 3. c4 d5 4. Nc3 Bb4 5. Qa4+ Nc6 6. e3 O-O 7. Bd3 Bd7 8. Qc2 Be7 9. O-O Nb4 10. Qd1 Nxd3 11. Qxd3 dxc4 12. Qxc4 a6 13. a4 Rc8 14. e4 c5 15. d5 b5 16. axb5 axb5 17. Nxb5 Bxb5 18. Qxb5 exd5 19. exd5 Qxd5 20. h3 Rb8 21. Qa4 Ra8 22. Qxa8 Rxa8 23. Rxa8+ Qxa8 24. Be3 h6 25. Rc1 Qb7 26. Bxc5 Qxb2 27. Rc4 Qb1+ 28. Kh2 Qb8+ 29. g3 Qb5 30. Rc3 Bxc5 0-1


[Site "https://www.chess.com"]

[Event "Titled Tuesday Blitz January 17 Early 2023"]
[White "Jimenez Fernandez, Rebeca"]
[Black "Orujov, Elshad"]
[WhiteFideId "32070934"]
[BlackFideId "13403540"]
[WhiteElo "2069"]
[BlackElo "2304"]
[Result "0-1"]
[Round "09"]
[TimeControl "180+2"]
[Date "2023.01.17"]
[WhiteClock "0:00:05"]
[BlackClock "0:00:37"]

1. e4 c5 2. Nc3 d6 3. g3 g6 4. Bg2 Bg7 5. d3 Nc6 6. Be3 e6 7. Qd2 Nge7 8. Bh6 Bxh6 9. Qxh6 Nd4 10. Qd2 Nec6 11. h4 h5 12. O-O-O Nb4 13. Nf3 Nbxc2 14. Nxd4 Nxd4 15. f4 Bd7 16. Rde1 Bc6 17. f5 Qd7 18. fxg6 fxg6 19. e5 Bxg2 20. Qxg2 O-O-O 21. exd6 Qxd6 22. Ne4 Qc6 23. Kb1 Kb8 24. Rc1 b6 25. Qd2 Nf5 26. Ng5 Rd7 27. Rhe1 Nd4 28. Qc3 Rhd8 29. Re3 Qc7 30. Rxe6 Nxe6 31. Nxe6 Qxg3 32. Nxd8 Rxd8 33. Qf6 Qxd3+ 34. Ka1 Qd6 35. Qf3 Rf8 36. Qg2 Qf4 37. Rd1 Qxh4 38. Qxg6 Rd8 39. Rf1 Qg4 40. Qc2 h4 41. a3 h3 42. Qh2+ Ka8 43. Rf7 Qd1+ 44. Ka2 Qd5+ 45. b3 Qxf7 46. Qxh3 Rd2+ 47. Kb1 Qg6+ 48. Ka1 Qg1+ 0-1


[Site "https://www.chess.com"]

[Event "Titled Tuesday Blitz January 17 Early 2023"]
[White "Ho, In Hei Henry"]
[Black "Dilmukhametov, Artur"]
[WhiteFideId "6002552"]
[BlackFideId "24179922"]
[WhiteElo "1735"]
[BlackElo "2276"]
[Result "1-0"]
[Round "09"]
[TimeControl "180+2"]
[Date "2023.01.17"]
[WhiteClock "0:01:56"]
[BlackClock "0:02:08"]

1. e4 e6 2. d4 d5 3. e5 c5 4. c3 Qb6 5. Nf3 Nc6 6. a3 cxd4 7. cxd4 Nh6 8. Bd3 Nf5 9. Bxf5 exf5 10. O-O Be6 11. b4 Be7 12. Nc3 O-O 13. Ne2 f6 14. Nf4 Nd8 15. Re1 fxe5 16. Rxe5 Qd6 17. Qe2 a6 18. Nxe6 Nxe6 19. Rxe6 Qc7 20. Rxe7 1-0


[Site "https://www.chess.com"]

[Event "Titled Tuesday Blitz January 17 Early 2023"]
[White "Aung Thant Zin"]
[Black "Garrido, Denis"]
[WhiteFideId "13000063"]
[BlackFideId "601217"]
[WhiteElo "2268"]
[BlackElo "2205"]
[Result "0-1"]
[Round "09"]
[TimeControl "180+2"]
[Date "2023.01.17"]
[WhiteClock "0:00:01"]
[BlackClock "0:00:49"]

1. c4 Nf6 2. Nc3 g6 3. e4 d6 4. d4 Bg7 5. g3 O-O 6. Bg2 c5 7. Nge2 cxd4 8. Nxd4 Nc6 9. Nc2 Qa5 10. O-O Bd7 11. Rb1 Rfc8 12. b4 Qd8 13. Ne3 Ne5 14. Qe2 Nxc4 15. Nxc4 b5 16. e5 dxe5 17. Nxe5 Rxc3 18. Nxd7 Nxd7 19. Bxa8 Qxa8 20. Bb2 Ne5 21. f4 Nf3+ 22. Rxf3 Qxf3 23. Qxf3 Rxf3 24. Bxg7 Kxg7 25. Rc1 Ra3 26. Rc7 Kf6 0-1


[Site "https://www.chess.com"]

[Event "Titled Tuesday Blitz January 17 Early 2023"]
[White "Liimatainen, Jero"]
[Black "Kornyukov, Alexey"]
[WhiteFideId "509531"]
[BlackFideId "4150457"]
[WhiteElo "1948"]
[BlackElo "2452"]
[Result "1-0"]
[Round "09"]
[TimeControl "180+2"]
[Date "2023.01.17"]
[WhiteClock "0:02:18"]
[BlackClock "0:01:34"]

1. e4 c5 2. Nf3 Nc6 3. Bb5 g6 4. O-O Bg7 5. Re1 e5 6. b4 cxb4 7. a3 bxa3 8. Bxa3 Nge7 9. Bd6 O-O 10. c4 Nd4 11. Nc3 Nxb5 12. cxb5 Re8 13. Qb3 Qb6 14. Ng5 Qd8 15. Nxf7 Qb6 16. Nh6+ Kh8 17. Qg8+ Nxg8 18. Nf7# 1-0


[Site "https://www.chess.com"]

[Event "Titled Tuesday Blitz January 17 Early 2023"]
[White "ritanovikova"]
[Black "Better_Chess_Faster"]
[WhiteElo "2137"]
[BlackElo "2030"]
[Result "0-1"]
[Round "09"]
[TimeControl "180+2"]
[Date "2023.01.17"]
[WhiteClock "0:00:52"]
[BlackClock "0:02:22"]

1. d4 Nf6 2. Bf4 d5 3. Nf3 c5 4. e3 Nc6 5. c3 Qb6 6. Qb3 c4 7. Qxb6 axb6 8. Na3 Bf5 9. Nb5 Kd7 10. h3 e6 11. Ne5+ Nxe5 12. Bxe5 Be7 13. Be2 Ra5 14. a4 Rha8 15. Nc7 Rxa4 16. Rxa4 Rxa4 17. Kd2 Ra2 18. Rb1 Bxb1 0-1


[Site "https://www.chess.com"]

[Event "Titled Tuesday Blitz January 17 Early 2023"]
[White "Adithya A Chullikkad"]
[Black "Avazkhonov, Alikhon"]
[WhiteFideId "45078734"]
[BlackFideId "14208504"]
[WhiteElo "2259"]
[BlackElo "1538"]
[Result "0-1"]
[Round "09"]
[TimeControl "180+2"]
[Date "2023.01.17"]
[WhiteClock "0:00:08"]
[BlackClock "0:00:06"]

1. e4 c5 2. d4 cxd4 3. c3 dxc3 4. Nxc3 Nc6 5. Bc4 e6 6. Nf3 Bb4 7. O-O Nge7 8. Qe2 O-O 9. Rd1 Bxc3 10. bxc3 d5 11. Bb3 Qa5 12. Bb2 dxe4 13. Qxe4 e5 14. g4 h6 15. h4 Be6 16. Bc2 g6 17. h5 f5 18. Qe3 f4 19. Qe4 Bxg4 20. hxg6 Bf5 21. Bb3+ Kg7 22. Qe2 e4 23. c4+ Kxg6 24. Nh4+ Kh7 25. Nxf5 Qxf5 26. Rd6 Rg8+ 27. Kf1 f3 28. Qe3 Qh3+ 29. Ke1 Qh4 30. Kd2 Rad8 31. Rxd8 Rxd8+ 32. Kc2 Rd3 33. Qe1 Nd4+ 34. Bxd4 Rxd4 35. Kc3 Rd3+ 36. Kb2 Nc6 37. Bc2 Qf6+ 38. Kb1 Rd4 39. Bxe4+ Kg7 40. Qc3 Rxe4 41. Qxf6+ Kxf6 42. Kb2 Rxc4 43. Re1 Rb4+ 44. Kc3 Rb5 45. Re3 Rc5+ 46. Kb3 Rf5 47. Rd3 h5 48. Rd6+ Ke5 49. Rd7 Nd4+ 50. Kc4 Ne6 51. Rxb7 h4 52. Rxa7 Rh5 53. Ra3 Kf4 54. Re3 h3 55. Rxe6 h2 56. Re1 h1=Q 57. Rxh1 Rxh1 58. a4 Rh2 59. a5 Rxf2 60. a6 Ra2 61. a7 Rxa7 0-1


[Site "https://www.chess.com"]

[Event "Titled Tuesday Blitz January 17 Early 2023"]
[White "Larina, Maria"]
[Black "Chan, Kim Yew"]
[WhiteFideId "24113182"]
[BlackFideId "5717981"]
[WhiteElo "1948"]
[BlackElo "2340"]
[Result "0-1"]
[Round "09"]
[TimeControl "180+2"]
[Date "2023.01.17"]
[WhiteClock "0:00:10"]
[BlackClock "0:00:07"]

1. e4 c5 2. Nc3 e6 3. Nf3 Nc6 4. d4 cxd4 5. Nxd4 a6 6. g3 Nf6 7. Bg2 Bb4 8. Nxc6 bxc6 9. O-O d5 10. e5 Nd7 11. Qg4 Kf8 12. Qxb4+ c5 13. Qf4 h6 14. h4 Bb7 15. Re1 Qe7 16. b3 Kg8 17. Ba3 Kh7 18. Na4 Rhc8 19. c4 Rab8 20. cxd5 Bxd5 21. Bxd5 exd5 22. Qf5+ Kg8 23. e6 Nf6 24. exf7+ Qxf7 25. Bxc5 Rb5 26. Re7 Qf8 27. Qe6+ Kh8 28. Rc7 Rxc5 29. Nxc5 Rxc7 30. Nd3 Qe7 31. Qf5 Qe4 32. Qxe4 dxe4 33. Nf4 Rc2 34. Ng6+ Kh7 35. Ne5 e3 36. fxe3 Ne4 37. Nc4 Nxg3 38. Rd1 Ne2+ 39. Kf1 Ng3+ 40. Kg1 Ne2+ 41. Kf1 Rxa2 42. Rd7 Ng3+ 43. Kg1 Nf5 44. Ra7 Nxh4 45. Nd6 Nf3+ 46. Kf1 Nd2+ 47. Ke1 Nxb3 48. Ne8 Kg6 49. Rxg7+ Kf5 50. Rf7+ Ke4 51. Re7+ Kd3 52. Rd7+ Kxe3 53. Rf7 Ra1# 0-1


[Site "https://www.chess.com"]

[Event "Titled Tuesday Blitz January 17 Early 2023"]
[White "Stead, Kerry"]
[Black "Mitrovic, Darko R"]
[WhiteFideId "3202577"]
[BlackFideId "927023"]
[WhiteElo "1908"]
[BlackElo "2220"]
[Result "1-0"]
[Round "09"]
[TimeControl "180+2"]
[Date "2023.01.17"]
[WhiteClock "0:00:21"]
[BlackClock "0:00:57"]

1. d4 Nf6 2. f3 d5 3. e4 dxe4 4. Nc3 exf3 5. Nxf3 c6 6. Bg5 Bf5 7. Bd3 Bxd3 8. Qxd3 Nbd7 9. O-O-O e6 10. Rhf1 Be7 11. Ne4 Nxe4 12. Bxe7 Qxe7 13. Qxe4 O-O 14. Rd3 Rad8 15. c3 Nf6 16. Qh4 Nd5 17. Qg3 Qf6 18. Nd2 Qg6 19. Nc4 Qxg3 20. Rxg3 f6 21. Re1 Rfe8 22. h4 h5 23. Kc2 b6 24. Ne3 Nxe3+ 25. Rgxe3 Kf7 26. Re4 Rd5 27. g4 hxg4 28. Rxg4 Rh8 29. c4 1-0


[Site "https://www.chess.com"]

[Event "Titled Tuesday Blitz January 17 Early 2023"]
[White "Vargas, Mauricio"]
[Black "Winkels, Marcel"]
[WhiteFideId "4404572"]
[BlackFideId "1003887"]
[WhiteElo "2035"]
[BlackElo "1960"]
[Result "0-1"]
[Round "09"]
[TimeControl "180+2"]
[Date "2023.01.17"]
[WhiteClock "0:00:04"]
[BlackClock "0:01:02"]

1. e4 c5 2. f4 e6 3. Nc3 d5 4. e5 d4 5. Nf3 dxc3 6. dxc3 Qxd1+ 7. Kxd1 Nc6 8. Be3 Bd7 9. Ke1 O-O-O 10. Kf2 b6 11. Ba6+ Kb8 12. a3 Bc8 13. Bb5 Bb7 14. b4 cxb4 15. axb4 Nge7 16. Nd2 Nd5 17. Ne4 Nxe3 18. Kxe3 Be7 19. Ra3 Rd7 20. Rha1 Rhd8 21. g3 h6 22. h4 Rc8 23. Nd6 Bxd6 24. exd6 Rxd6 25. Bxc6 Rdxc6 26. Rxa7 Rxc3+ 27. Kd2 Rxc2+ 28. Kd3 R8c3+ 29. Kd4 Rxg3 30. h5 Rf3 31. Ke5 Re2+ 32. Kd6 Rxf4 33. Kd7 Rd2+ 34. Ke7 e5 35. R7a3 Rc4 36. b5 Rc7+ 37. Ke8 Kc8 38. Ra8+ Bxa8 39. Rxa8+ Kb7 40. Ra6 e4 41. Ra3 Rd3 42. Ra2 f5 43. Rf2 Kc8 0-1


[Site "https://www.chess.com"]

[Event "Titled Tuesday Blitz January 17 Early 2023"]
[White "Necula, Iulian"]
[Black "Soumya, Swaminathan"]
[WhiteFideId "1232380"]
[BlackFideId "5016193"]
[WhiteElo "1851"]
[BlackElo "2293"]
[Result "0-1"]
[Round "09"]
[TimeControl "180+2"]
[Date "2023.01.17"]
[WhiteClock "0:00:02"]
[BlackClock "0:00:06"]

1. d4 Nf6 2. Nc3 d5 3. Bf4 g6 4. e3 Bg7 5. h3 O-O 6. Nb5 Ne8 7. Nf3 Nd7 8. Bd3 c5 9. c3 Qb6 10. a4 c4 11. Be2 a6 12. Na3 Qxb2 13. O-O Qxc3 14. Ne1 Nef6 15. Nec2 Qa5 16. Nb1 Re8 17. f3 e5 18. Bg3 Nh5 19. Bf2 exd4 20. Nxd4 Nc5 21. Nd2 Ne6 22. Rb1 Nxd4 23. exd4 Nf4 24. Re1 Bf5 25. Rxb7 c3 26. Nb3 Qxa4 27. Bf1 c2 28. Qd2 Rxe1 29. Bxe1 Qc6 30. Rb4 Ne6 31. g4 a5 32. gxf5 axb4 33. fxe6 fxe6 34. Bf2 Rc8 35. Nc1 Qc3 36. Be1 Qxd2 37. Bxd2 Bf8 38. Kg2 Rb8 39. Nb3 Bd6 40. Bd3 Rc8 41. Bc1 Rc3 42. Bxc2 Rxc2+ 43. Kf1 Rc3 44. Ke2 Rxb3 45. Kd2 Rc3 46. Bb2 Rxf3 47. h4 Rh3 48. h5 Rxh5 49. Kd3 Rh3+ 50. Ke2 Rh2+ 0-1


[Site "https://www.chess.com"]

[Event "Titled Tuesday Blitz January 17 Early 2023"]
[White "Artemiev, Vladislav"]
[Black "Dubov, Daniil"]
[WhiteFideId "24101605"]
[BlackFideId "24126055"]
[WhiteElo "2701"]
[BlackElo "2708"]
[Result "0-1"]
[Round "10"]
[TimeControl "180+2"]
[Date "2023.01.17"]
[WhiteClock "0:00:06"]
[BlackClock "0:00:09"]

1. Nf3 d5 2. d4 Nf6 3. c4 e6 4. Nc3 Be7 5. Bg5 h6 6. Bh4 O-O 7. e3 b6 8. Bd3 dxc4 9. Bxc4 Bb7 10. O-O Nbd7 11. Qe2 Ne4 12. Nxe4 Bxh4 13. Nc3 Bf6 14. Rfd1 Qe7 15. Ba6 Bxf3 16. Qxf3 c5 17. Ne4 cxd4 18. exd4 Rfd8 19. Rac1 Nf8 20. Nxf6+ Qxf6 21. Qxf6 gxf6 22. Rc7 Rd6 23. g3 Ng6 24. Be2 a5 25. Rb7 Rad8 26. Rc1 R8d7 27. Rxd7 Rxd7 28. Rc6 Rxd4 29. Rxb6 Ne5 30. Rb5 Rd2 31. Kf1 Rc2 32. Bd1 Rd2 33. Ke1 Rd4 34. Be2 a4 35. a3 Kg7 36. Rb4 Rxb4 37. axb4 Kf8 38. Bb5 Ke7 39. Kd2 Nf3+ 40. Ke2 Nd4+ 41. Kd3 Nxb5 42. Kc4 Nd6+ 43. Kc5 Kd7 44. b5 f5 45. Kb6 e5 46. Kc5 e4 47. b6 Ke6 48. Kc6 Ke5 49. Kc5 Ke6 50. Kc6 Ke5 51. Kc5 h5 52. h4 f6 53. Kc6 Nc4 54. Kb5 Nxb6 55. Kxb6 f4 56. gxf4+ Kxf4 57. Kb5 Kf3 58. Kxa4 Kxf2 59. b4 e3 60. b5 e2 61. b6 e1=Q 0-1


[Site "https://www.chess.com"]

[Event "Titled Tuesday Blitz January 17 Early 2023"]
[White "Lazavik, Denis"]
[Black "Babazada, Khazar"]
[WhiteFideId "13515110"]
[BlackFideId "13413554"]
[WhiteElo "2544"]
[BlackElo "2474"]
[Result "1/2-1/2"]
[Round "10"]
[TimeControl "180+2"]
[Date "2023.01.17"]
[WhiteClock "0:00:24"]
[BlackClock "0:00:33"]

1. d4 Nf6 2. c4 e6 3. Nf3 d5 4. g3 dxc4 5. Bg2 c5 6. O-O Nc6 7. dxc5 Qxd1 8. Rxd1 Bxc5 9. Nbd2 c3 10. bxc3 O-O 11. Nb3 Be7 12. c4 Bd7 13. Bb2 Rfd8 14. Nfd4 Rac8 15. Nb5 Nb4 16. Nxa7 Rxc4 17. Na5 Rc2 18. Bxf6 Bxf6 19. Rab1 Nd5 20. Bxd5 exd5 21. Rxd5 Be6 22. Rxd8+ Bxd8 23. Nxb7 Bxa2 24. Rd1 Bb6 25. Rd6 Rb2 26. Rd1 h5 27. Nc8 Bxf2+ 28. Kxf2 Rxb7 29. Nd6 Rb2 30. Ne4 f6 31. Rd2 Rxd2 32. Nxd2 1/2-1/2


[Site "https://www.chess.com"]

[Event "Titled Tuesday Blitz January 17 Early 2023"]
[White "Sarana, Alexey"]
[Black "Dardha, Daniel"]
[WhiteFideId "24133795"]
[BlackFideId "240990"]
[WhiteElo "2685"]
[BlackElo "2631"]
[Result "1-0"]
[Round "10"]
[TimeControl "180+2"]
[Date "2023.01.17"]
[WhiteClock "0:00:08"]
[BlackClock "0:00:02"]

1. c4 g6 2. d4 Bg7 3. e4 e6 4. Nc3 Ne7 5. Nf3 d5 6. e5 c5 7. cxd5 exd5 8. dxc5 O-O 9. Be2 Nbc6 10. Bf4 Qa5 11. O-O Qxc5 12. Qd2 Bg4 13. Rac1 Qa5 14. Rfe1 Rfe8 15. h3 Bxf3 16. Bxf3 Rad8 17. e6 fxe6 18. Rxe6 Nd4 19. Re3 Nxf3+ 20. Rxf3 d4 21. Ne4 Qxd2 22. Bxd2 Nd5 23. Nc5 Re2 24. Nb3 Nb6 25. Kf1 d3 26. Rc7 Bxb2 27. Rxd3 Rxf2+ 28. Kxf2 Rxd3 29. Rxb7 Rd7 30. Rxd7 Nxd7 31. Ke3 Kf7 32. Kd3 Ke6 33. Kc4 Kd6 34. Kb5 Kc7 35. Be3 Kb7 36. Na5+ Ka8 37. Nc6 Kb7 38. Bxa7 Ne5 39. Nxe5 Kxa7 40. Nc4 Bc3 41. a4 Kb7 42. a5 Bd4 43. a6+ Kc7 44. Na5 Be3 45. Nc6 h5 46. Ne7 g5 47. Nd5+ 1-0


[Site "https://www.chess.com"]

[Event "Titled Tuesday Blitz January 17 Early 2023"]
[White "Kamsky, Gata"]
[Black "Bluebaum, Matthias"]
[WhiteFideId "2000024"]
[BlackFideId "24651516"]
[WhiteElo "2665"]
[BlackElo "2669"]
[Result "1/2-1/2"]
[Round "10"]
[TimeControl "180+2"]
[Date "2023.01.17"]
[WhiteClock "0:00:12"]
[BlackClock "0:00:26"]

1. e4 e6 2. d4 d5 3. Nc3 Nf6 4. e5 Nfd7 5. f4 c5 6. Nf3 Nc6 7. Be3 a6 8. Qd2 b5 9. a3 Qa5 10. Ra2 Qb6 11. Ne2 b4 12. axb4 Nxb4 13. Ra1 Nc6 14. b3 Be7 15. g3 O-O 16. Bg2 a5 17. O-O Ba6 18. Rfe1 Bxe2 19. Rxe2 cxd4 20. Nxd4 Nxd4 21. Bxd4 Bc5 22. Bxc5 Nxc5 23. Qd4 g6 24. h4 Qb4 25. Rd2 Rfb8 26. Kh2 a4 27. bxa4 Rxa4 28. Rxa4 Nxa4 29. Qa7 Nc5 30. Rd4 Qb6 31. Qe7 Ne4 32. Rd3 h5 33. Rb3 Qd8 34. Qxd8+ Rxd8 35. Bxe4 dxe4 36. Re3 Rd4 37. c3 Ra4 38. Kh3 Kf8 39. g4 Ke7 40. Kg3 Kd7 41. Re1 Kc6 42. gxh5 gxh5 43. Rd1 Ra3 44. f5 Rxc3+ 45. Kf4 exf5 46. Kxf5 e3 47. Ke4 e2 48. Re1 Kd7 49. Rxe2 Ke6 50. Rg2 Rc4+ 51. Kf3 Rxh4 52. Rg5 Rh1 53. Kg2 Re1 54. Rxh5 Rxe5 55. Rh4 Re3 56. Kf2 Rb3 57. Rg4 Kf5 58. Rc4 Rd3 59. Rb4 Kg5 60. Ra4 Rd5 61. Rb4 Kf5 62. Kf3 Rd3+ 63. Kf2 Rc3 64. Ra4 Rb3 65. Rc4 Ke5 66. Ke2 Rh3 67. Kf2 Rh6 68. Rb4 Rd6 69. Ke3 Rd5 70. Kf3 Ra5 71. Ke3 Ra3+ 72. Ke2 f6 73. Kf2 Rd3 74. Ke2 Rh3 75. Kf2 f5 76. Ke2 Kf6 77. Kf2 Kg5 78. Kg2 Re3 79. Kf2 Re4 80. Rxe4 fxe4 81. Ke3 Kf5 82. Ke2 Kf4 83. Kf2 e3+ 84. Ke2 Ke4 85. Ke1 Kf3 86. Kf1 e2+ 87. Ke1 Ke3 1/2-1/2


[Site "https://www.chess.com"]

[Event "Titled Tuesday Blitz January 17 Early 2023"]
[White "Bernadskiy, Vitaliy"]
[Black "Esipenko, Andrey"]
[WhiteFideId "14100371"]
[BlackFideId "24175439"]
[WhiteElo "2592"]
[BlackElo "2679"]
[Result "0-1"]
[Round "10"]
[TimeControl "180+2"]
[Date "2023.01.17"]
[WhiteClock "0:00:05"]
[BlackClock "0:00:19"]

1. e4 e5 2. Nf3 Nc6 3. Bb5 a6 4. Ba4 Nf6 5. O-O Be7 6. Re1 b5 7. Bb3 O-O 8. c3 d6 9. h3 h6 10. d4 Bd7 11. Nbd2 a5 12. a3 a4 13. Ba2 Re8 14. Nf1 Bf8 15. dxe5 Nxe5 16. Ng3 c5 17. Be3 Qc7 18. Nxe5 dxe5 19. Qf3 Qc6 20. Rad1 Be6 21. Bd5 Bxd5 22. exd5 Qa6 23. Nf5 Kh7 24. d6 e4 25. Qf4 g5 26. Qg3 Qc8 27. d7 Nxd7 28. Nd6 Bxd6 29. Rxd6 Ne5 30. Red1 Ra6 31. Rxa6 Qxa6 32. Rd5 Qe6 33. Rxc5 f5 34. Bxg5 hxg5 35. Qxg5 Nf3+ 36. gxf3 Rg8 37. Rxf5 Qxf5 0-1


[Site "https://www.chess.com"]

[Event "Titled Tuesday Blitz January 17 Early 2023"]
[White "Nakamura, Hikaru"]
[Black "Zierk, Steven"]
[WhiteFideId "2016192"]
[BlackFideId "2034255"]
[WhiteElo "2775"]
[BlackElo "2488"]
[Result "1-0"]
[Round "10"]
[TimeControl "180+2"]
[Date "2023.01.17"]
[WhiteClock "0:00:20"]
[BlackClock "0:00:40"]

1. Nf3 d5 2. g3 Nf6 3. Bg2 c6 4. d3 Bg4 5. h3 Bxf3 6. Bxf3 e5 7. Nd2 Be7 8. e3 Nbd7 9. O-O O-O 10. b3 a5 11. a3 Qc7 12. Bb2 Rfe8 13. Bg2 a4 14. b4 c5 15. bxc5 Bxc5 16. Qe2 b5 17. Rfb1 b4 18. Qd1 Reb8 19. axb4 Rxb4 20. c3 Rb6 21. Rxa4 Rab8 22. Ba1 Rxb1 23. Nxb1 Qb6 24. Nd2 Bxe3 25. fxe3 Qxe3+ 26. Kh2 Qxd3 27. Ra2 e4 28. Qf1 Qe3 29. Qg1 Qe2 30. c4 e3 31. Qf1 Qh5 32. Nf3 Ng4+ 33. Kg1 Nf2 34. Re2 dxc4 35. Rxe3 Nd3 36. Bd4 Qg6 37. Kh2 Qd6 38. Qa1 Nf6 39. Bxf6 gxf6 40. Nd2 Rb2 41. Rxd3 Qxd3 42. Qxb2 c3 43. Qb8+ Kg7 44. Nb3 c2 45. Nc1 Qd1 46. Qf4 h5 47. h4 1-0


[Site "https://www.chess.com"]